 Dungeon Crawl Stone Soup version 0.30-a0-469-g84de5afbc5 (webtiles) character file.

Game seed: 10306412351614732368

550 Angani the Conjurer (level 7, 0/49 (55) HPs)
             Began as a Yellow Draconian Reaver on Dec 19, 2022.
             Was a Follower of Zin.
             Slain by a gnoll
             ... wielding a +0 halberd
             ... led by a gnoll bouda
              (1 damage)
             ... on level 4 of the Dungeon.
             The game lasted 00:08:58 (3160 turns).

Angani the Conjurer (Yellow Draconian Reaver)       Turns: 3160, Time: 00:08:59

HP:   0/49 (55)     AC: 11    Str: 20    XL:     7   Next: 7%
MP:   13/13         EV: 12    Int: 16    God:    Zin [*.....]
Gold: 81            SH:  0    Dex: 11    Spells: 11/14 levels left

rFire   . . .      SeeInvis .    i - +0 quarterstaff
rCold   . . .      Faith    .    (shield currently unavailable)
rNeg    . . .      Spirit   .    (body armour unavailable)
rPois   .          Reflect  .    (helmet restricted)
rElec   .          Harm     .    d - +0 cloak
rCorr   +          Rampage  .    (no gloves)
Will    .....                    (no boots)
Stlth   +.........               (no amulet)
HPRegen 0.28/turn                r - +4 ring of protection
MPRegen 0.13/turn                t - ring of the Keeping Gods {Str+6 Dex+2 Slay+3}

@: about to teleport, heavily drained
A: spit acid, AC +6, unfitting armour, cold-blooded, acid resistance
a: Breathe Acid, Renounce Religion, Recite, Donate Gold


You were on level 4 of the Dungeon.
You worshipped Zin.
Zin was aware of your devotion.
You visited 1 branch of the dungeon, and saw 4 of its levels.

You collected 90 gold pieces.
You donated 9 gold pieces to Zin.

Inventory:

Hand Weapons
 i - a +0 quarterstaff (weapon)
Armour
 d - a +0 cloak (worn)
Magical Staves
 g - a staff of air
Jewellery
 r - a +4 ring of protection (left hand)
 s - a +4 ring of evasion
 t - the ring of the Keeping Gods (right hand) {Str+6 Dex+2 Slay+3}
   (You found it on level 3 of the Dungeon)

   [ring of strength]

   Str:       It affects your strength (+6).
   Dex:       It affects your dexterity (+2).
   Slay:      It affects your accuracy & damage with ranged weapons and melee
   (+3).
Wands
 j - a wand of roots (4)
Scrolls
 h - a scroll of fear
 k - a scroll of enchant weapon {unknown}
 o - a scroll of fog
 p - a scroll of blinking
Potions
 a - 2 potions of haste
 b - a potion of degeneration {unknown}
 c - a potion of ambrosia {unknown}
 e - 2 potions of attraction {unknown}
 l - a potion of lignification {unknown}
 m - 3 potions of brilliance {unknown}
 n - a potion of flight {unknown}
 q - a potion of curing


   Skills:
 - Level 2.1 Fighting
 - Level 3.0 Short Blades
 - Level 1.7 Dodging
 + Level 4.3 Spellcasting
 + Level 5.2 Conjurations
 + Level 4.5 Invocations


You had 11 spell levels left.
You knew the following spells:

 Your Spells              Type           Power      Damage    Failure   Level
a - Kiss of Death         Conj/Necr      44%        2d8       5%          1
b - Momentum Strike       Conj/Tloc      22%        3d8       9%          2

Your spell library contained the following spells:

 Spells                   Type           Power      Damage    Failure   Level
 Hailstorm                Conj/Ice       11%        3d5       17%         3
 Tukima's Dance           Hex            3%         N/A       43%         3
 Passage of Golubria      Tloc           3%         N/A       85%         4
 Yara's Violent Unravell  Hex/Tmut       1%         3d3       99%         5


Dungeon Overview and Level Annotations

Branches:
Dungeon (4/15)
 Temple: D:4-7

Altars:
Zin

Annotations:
D:3 exclusion: orc priest


Innate Abilities, Weirdness & Mutations

You can spit globs of acid.
Your golden yellow scales are hard. (AC +6)
You cannot fit into any form of body armour.
You are cold-blooded and may be slowed by cold attacks.
You are resistant to acid. (rCorr)


Message History

You hit the gnoll bouda.
The gnoll bouda is heavily wounded.
The gnoll is no longer moving quickly.
The gnoll misses you. The gnoll bouda completely misses you.
Unknown command.
You hit the gnoll bouda.
You tail-slap the gnoll bouda, but do no damage.
The gnoll bouda is severely wounded.
The gnoll misses you.
The gnoll bouda gazes fiercely through you!
You feel your attacks grow feeble. The gnoll bouda barely misses you.
You barely miss the gnoll bouda.
The gnoll bouda is severely wounded.
The gnoll hits you from afar with a +0 halberd.
The gnoll bouda hits you with a +0 club.
Unknown command.
The gnoll bouda attacks as you move away!
The gnoll bouda hits you with a +0 club.
Your attacks no longer feel as feeble. 3 orcs and an orc priest come into view.
The orc priest is wielding a +0 short sword of draining.
The orc shouts! x2; The orc priest shouts!
Unknown command.
As you read the scroll of teleportation, it crumbles to dust.
You feel strangely unstable.
You have got your breath back.
The gnoll bouda mumbles some strange prayers to its god.
The gnoll bouda is healed somewhat.
The gnoll closely misses you.
Unknown command.
You hit the gnoll bouda but do no damage.
The gnoll bouda is heavily wounded.
The gnoll bouda closely misses you.
The gnoll hits you from afar with a +0 halberd!
The orc hits you with a +0 mace.
* * * LOW HITPOINT WARNING * * *
The gnoll bouda hits you with a +0 club!
* * * LOW HITPOINT WARNING * * *
The gnoll hits you from afar with a +0 halberd.
You die...

#. #. #o #.# #o #.# #. ###.#
#o ..J# #o##### #..# #.@ggS#
# #..# #####g# .# #$.#
#.##.# #g.# #g#.# # #
.##.#..#########JS## .#.
........g.†gJ.gg.....# ##.#
.#.##.#############.....S..#
... ####.##.# #.##
#.##.#####


You could see a gnoll bouda, an orc priest, 2 gnolls, an adder and 3 orcs.

Vanquished Creatures
  Sigmund (D:2)
  An orc priest (D:4)
  An iguana (D:4)
  Jessica (D:2)
  3 orc wizards
  Natasha (thrice) (D:2)
  2 gnolls (D:4)
  7 adders
  4 dart slugs
  5 orcs
  6 bats
  5 endoplasms
  2 giant cockroaches (D:1)
  9 goblins
  5 hobgoblins
  A quokka (D:3)
  4 ball pythons
  4 frilled lizards
  3 kobolds (D:1)
  4 rats
71 creatures vanquished.

Notes
Turn   | Place    | Note
-------+----------+-------------------------------------------
     0 | D:1      | Angani the Draconian Reaver began the quest for the Orb.
     0 | D:1      | Reached XP level 1. HP: 17/17 MP: 3/3
   109 | D:1      | Reached skill level 1 in Invocations
   109 | D:1      | Reached XP level 2. HP: 20/24 MP: 5/5
   459 | D:1      | You fall into a shaft and drop 1 floor!
   537 | D:2      | Noticed Jessica
   554 | D:2      | Reached XP level 3. HP: 13/29 MP: 6/6
   647 | D:2      | Killed Jessica
   689 | D:2      | Noticed Sigmund
   702 | D:2      | Killed Sigmund
   703 | D:2      | Reached skill level 4 in Conjurations
   703 | D:2      | Reached XP level 4. HP: 8/36 MP: 3/9
   703 | D:2      | Reached XP level 5. HP: 9/41 MP: 3/10
  1170 | D:1      | Learned a level 2 spell: Momentum Strike
  1361 | D:2      | Noticed Natasha
  1369 | D:2      | Killed Natasha
  1370 | D:2      | Reached XP level 6. HP: 22/38 MP: 5/11
  1450 | D:2      | Noticed Natasha
  1456 | D:2      | Killed Natasha
  1586 | D:2      | owo
  1842 | D:2      | Noticed Natasha
  1847 | D:2      | Killed Natasha
  2425 | D:3      | Found a glowing silver altar of Zin.
  2425 | D:3      | Noticed an angel
  2433 | D:3      | Became a worshipper of Zin the Law-Giver
  2507 | D:3      | Identified the ring of the Keeping Gods {Str+6 Dex+2
                  | Slay+3}
  2668 | D:3      | Reached skill level 5 in Conjurations
  2946 | D:4      | Reached * piety under Zin
  3100 | D:4      | Your scales start taking on a golden yellow colour.
  3100 | D:4      | Reached XP level 7. HP: 47/48 MP: 10/13
  3100 | D:4      | Gained mutation: You are resistant to acid. (rCorr) [Yellow
                  | Draconian growth]
  3160 | D:4      | HP: 1/49 [gnoll bouda/+0 club (8)]
  3160 | D:4      | Slain by a gnoll

Illustrated notes

#.......##....#.#.####...##
#.?.....##...>....# #.....
#######.##..#.#.### ##...##
#.......#.#####.....#
####......#.........#
#.##.#.#.###.....#
#......#.# ##...##
#.####.....#.#########
#....@.###....†.......
######.# #.#.##.#####. #.#
#.#.##.###... #.. .
#.......... ###..
####.##.... #.. ...##....
#... ######.... ##. ###.###
#.....#


Turn 1586 on D:2: owo

Levels and vault maps discovered:
D:1:      dpeg_arrival_leaves_temple_mockup, layout_basic,
          minmay_split_cup_small
D:2:      layout_loops_cross, minmay_goblin_kobold_house, uniq_natasha,
          uniq_jessica, uniq_sigmund
D:3:      layout_loops_ring, zin_angel
D:4:      layout_loops_ring

Skill      XL: |  1  2  3  4  5  6 |
---------------+-------------------+-----
Invocations    | 1 3 4 |  4.5
Spellcasting   | 3 4 |  4.3
Conjurations   | 4 5 |  5.2
Fighting       | |  2.1
Short Blades   | |  3.0
Dodging        | |  1.7

Action                   |  1- 3 |  4- 6 |  7- 9 || total
-------------------------+-------+-------+-------++-------
Melee: Short sword       |    85 |    14 |       ||    99
       Tailslap          |    12 |    13 |     2 ||    27
       Punch             |     1 |       |       ||     1
       Quarterstaff      |       |   125 |    12 ||   137
       Staff             |       |    14 |       ||    14
 Cast: Kiss of Death     |     6 |     3 |       ||     9
       Momentum Strike   |       |     7 |       ||     7
Invok: Recite            |       |     1 |       ||     1
 Abil: Breathe Acid      |       |       |     2 ||     2
  Use: Scroll            |     7 |     5 |     1 ||    13
       Potion            |     1 |       |       ||     1
 Stab: Sleeping          |       |     1 |       ||     1
Armor: Skin              |    26 |    94 |     5 ||   125
Dodge: Dodged            |    50 |   130 |    20 ||   200

Table legend: (Time is in decaauts)
 A = Elapsed time spent in this place.
 B = Non-inter-level travel time spent in this place.
 C = Inter-level travel time spent in this place.
 D = Time resting spent in this place.
 E = Time spent auto-exploring this place.
 F = Levels seen in this place.
 G = Mean time per level.
                   A        B        C        D        E       F      G
               +--------+--------+--------+--------+--------+-----+--------+
         Total |   3196 |   3107 |     89 |    451 |   2000 |   4 |  799.0 |
       Dungeon |   3196 |   3107 |     89 |    451 |   2000 |   4 |  799.0 |
               +--------+--------+--------+--------+--------+-----+--------+

Top non-repeatable levels by time:
     D:2: 1258 daAuts
     D:3: 998 daAuts
     D:1: 702 daAuts
     D:4: 237 daAuts
